 Dungeon Crawl Stone Soup version 0.27-a0-1384-g1422d76b99 (webtiles) character file.

Game seed: 14386095564420698578

1 dickylongcocking the Bolt Thrower (level 1, -1/18 HPs)
             Began as a Djinni Wanderer on July 1, 2021.
             Slain by a rat (2 damage)
             ... on level 1 of the Dungeon.
             The game lasted 00:00:25 (64 turns).

dickylongcocking the Bolt Thrower (Djinni Wanderer)   Turns: 64, Time: 00:00:26

Health: -1/18      AC:  2    Str: 13    XL:     1   Next: 22%
Gold:   0          EV: 11    Int: 13    God:
                   SH:  0    Dex: 10

rFire    + + .     SeeInvis .   a - +0 club
rCold    x . .     Faith    .   (no shield)
rNeg     . . .     Spirit   .   c - +0 robe
rPois    ∞         Reflect  .   (no helmet)
rElec    .         Harm     .   (no cloak)
rCorr    .         Rampage  .   (no gloves)
Will     .....                  (boots unavailable)
Stlth    +.........             (no amulet)
HPRegen  0.06/turn              (no ring)
MPRegen  0.00/turn              (no ring)

@: flying, very slightly contaminated
A: sickness immunity, fire resistance 2, cold vulnerability 1, float, innate
caster, hp casting, extra vitality 1
a: no special abilities


You were on level 1 of the Dungeon.
You visited 1 branch of the dungeon, and saw 1 of its levels.

Inventory:

Hand Weapons
 a - a +0 club (weapon)
Armour
 c - a +0 robe (worn)
Scrolls
 b - a scroll of fear
 d - a scroll of blinking


   Skills:
 * Level 2.0 Fighting
 - Level 2.4 Crossbows
 - Level 1.0 Throwing
 - Level 1.1 Dodging
 - Level 1.0 Shields
 - Level 2.0 Unarmed Combat
 * Level 0.1 Spellcasting


You couldn't memorise any spells.
You knew the following spells:

 Your Spells              Type           Power      Damage    Failure   Level
a - Foxfire               Conj/Fire      0%         2x1d4     30%         1
b - Apportation           Tloc           0%         N/A       30%         1
c - Conjure Flame         Conj/Fire      0%         6-21      65%         3
d - Lesser Beckoning      Tloc           0%         N/A       65%         3

Your spell library contained the following spells:

 Spells                   Type           Power      Damage    Failure   Level


Dungeon Overview and Level Annotations

Branches:
Dungeon (1/15)

Altars:


Innate Abilities, Weirdness & Mutations

You are immune to sickness and miasma.
You are immune to poison.
Your flesh is very heat resistant. (rF++)
You are vulnerable to cold. (rC-)
You float through the air rather than walking.
You learn spells naturally, not from books.
Your magical power is your life essence.
You have superior vitality. (+4 HP)


Message History

Casting: Foxfire (safe; 30% risk of failure)
Confirm with . or Enter, or press ? or * to list all spells.
You miscast Foxfire.
Nothing appears to happen.
The ball python bites you. The ball python constricts you. The rat bites you.
Unknown command.
Casting: Foxfire (safe; 30% risk of failure)
Confirm with . or Enter, or press ? or * to list all spells.
Okay, then.
You escape the ball python's grasp.
Casting: Foxfire (safe; 30% risk of failure)
Confirm with . or Enter, or press ? or * to list all spells.
You miscast Foxfire.
Nothing appears to happen.
The ball python bites you. The ball python grabs you.
The ball python constricts you.
Unknown command.
Unknown command.
You barely miss the ball python. The ball python barely misses you.
The ball python constricts you. The ball python bites you.
* * * LOW HITPOINT WARNING * * *
x2 The ball python constricts you.
Casting: Foxfire (safe; 30% risk of failure)
Confirm with . or Enter, or press ? or * to list all spells.
Okay, then.
You hit the ball python.
You kill the ball python!
Casting: Foxfire (safe; 30% risk of failure)
Confirm with . or Enter, or press ? or * to list all spells.
You miscast Foxfire.
Nothing appears to happen.
* * * LOW HITPOINT WARNING * * *
The rat bites you.
* * * LOW HITPOINT WARNING * * *
Unknown command.
Unknown command.
Unknown command.
Casting: Foxfire (safe; 30% risk of failure)
Confirm with . or Enter, or press ? or * to list all spells.
You conjure some foxfire!
* * * LOW HITPOINT WARNING * * *
The rat twitches its whiskers.
The rat bites you.
You die...

........##
#..####..#
##.## #..#
##.# #.##
#..#
#######v####
......v@...#
.#######r#.#
##.K..#
#.....#
#⌠#K...#
..#..#..#
#⌠#...#⌠#....
.. ..#.
#..#..# ⌠#
..#⌠# .#⌠#.#


You could see a kobold and a rat (ally target).

Vanquished Creatures
  A ball python (D:1)
1 creature vanquished.

Notes
Turn   | Place    | Note
-------+----------+-------------------------------------------
     0 | D:1      | dickylongcocking the Djinni Wanderer began the quest for
                  | the Orb.
     0 | D:1      | Reached XP level 1. HP: 18/18 MP: 0/0
    64 | D:1      | Slain by a rat

Illustrated notes

Levels and vault maps discovered:
D:1:      evilmike_arrival_hilbert_curve, layout_basic, roderic_lattice_a,
          chequers_serial_rivers_micro_b, kennysheep_doodads

Action                   || total
-------------------------++-------
Melee: Club              ||     3
 Cast: Foxfire           ||     1
Armor: Robe              ||     1
Dodge: Dodged            ||     4

Table legend: (Time is in decaauts)
 A = Elapsed time spent in this place.
 B = Non-inter-level travel time spent in this place.
 C = Inter-level travel time spent in this place.
 D = Time resting spent in this place.
 E = Time spent auto-exploring this place.
 F = Levels seen in this place.
 G = Mean time per level.
                   A        B        C        D        E       F      G
               +--------+--------+--------+--------+--------+-----+--------+
         Total |     64 |     64 |      0 |      0 |     50 |   1 |   64.0 |
       Dungeon |     64 |     64 |      0 |      0 |     50 |   1 |   64.0 |
               +--------+--------+--------+--------+--------+-----+--------+

Top non-repeatable levels by time:
     D:1: 64 daAuts
